 Dungeon Crawl Stone Soup version 0.28.0-62-gf88900778d (webtiles) character file.

Game seed: 147461978238704413

58799 cbfl8 the Severer (level 14, -1/125 HPs)
             Began as a Minotaur Fighter on June 5, 2023.
             Was the Champion of Makhleb.
             Killed from afar by a frost giant (11 damage)
             ... with a bolt of cold
             ... in an ice cave.
             The game lasted 00:35:06 (22054 turns).

cbfl8 the Severer (Minotaur Fighter)               Turns: 22054, Time: 00:35:06

Health: -1/125     AC: 24    Str: 23    XL:     14   Next: 50%
Magic:  13/13      EV:  5    Int:  5    God:    Makhleb [******]
Gold:   1014       SH: 22    Dex: 19    Spells: 13/13 levels left

rFire   + . .      SeeInvis .   x - +1 broad axe
rCold   + . .      Faith    .   b - +3 kite shield
rNeg    . . .      Spirit   .   q - +0 gold dragon scales
rPois   +          Reflect  +   p - +1 hat
rElec   .          Harm     .   c - +0 cloak
rCorr   .          Rampage  .   n - +0 pair of gloves
Will    +....                   m - +0 pair of boots
Stlth   ..........              u - amulet of reflection
HPRegen 0.30/turn               e - +6 ring of dexterity
MPRegen 0.13/turn               y - ring of flight

@: flying
A: horns 2, retaliatory headbutt
a: Renounce Religion, Minor Destruction, Lesser Servant of Makhleb, Major
Destruction, Greater Servant of Makhleb


You were in an ice cave.
You worshipped Makhleb.
Makhleb was exalted by your worship.
You visited 4 branches of the dungeon, and saw 21 of its levels.
You visited the Abyss 1 time.
You also visited: Ice Cave.

You collected 2152 gold pieces.
You spent 1138 gold pieces at shops.

Inventory:

Hand Weapons
 x - a +1 broad axe (weapon)
Missiles
 v - a throwing net
Armour
 b - a +3 kite shield (worn)
 c - a +0 cloak (worn)
 m - a +0 pair of boots (worn)
 n - a +0 pair of gloves (worn)
 p - a +1 hat (worn)
 q - +0 gold dragon scales (worn)
Jewellery
 e - a +6 ring of dexterity (left hand)
 u - an amulet of reflection (around neck)
 y - a ring of flight (right hand)
 B - a +4 ring of evasion
Wands
 d - a wand of acid (2) (quivered)
 i - a wand of flame (28)
 l - a wand of digging (4)
 s - a wand of iceblast (9)
 A - a wand of polymorph (1)
 E - a wand of mindburst (3)
Scrolls
 a - 2 scrolls of noise
 g - 4 scrolls of teleportation
 o - 4 scrolls of fear
 z - 5 scrolls of immolation
 C - a scroll of fog
 D - a scroll of summoning
Potions
 f - 4 potions of attraction
 h - 3 potions of mutation
 j - 2 potions of lignification
 k - 3 potions of haste
 r - a potion of cancellation
 t - 2 potions of heal wounds
 w - a potion of might


   Skills:
 + Level 11.9 Fighting
 + Level 17.1 Axes
 + Level 12.5 Armour
 + Level 3.6 Dodging
 + Level 2.0 Stealth
 + Level 13.6 Shields
 * Level 11.1 Evocations


You had 13 spell levels left.
You didn't know any spells.
Your spell library contained the following spells:

 Spells                   Type           Power      Damage    Failure   Level
 Foxfire                  Conj/Fire      0%         2x1d4     100%        1
 Shock                    Conj/Air       0%         1d3       100%        1
 Corpse Rot               Necr/Air       0%         N/A       100%        2
 Poisonous Vapours        Pois/Air       0%         N/A       100%        2
 Static Discharge         Conj/Air       0%         N/A       100%        2
 Sublimation of Blood     Necr           0%         N/A       100%        2
 Wereblood                Tmut           0%         N/A       100%        2
 Conjure Flame            Conj/Fire      0%         6-21      100%        3
 Inner Flame              Hex/Fire       0%         N/A       100%        3
 Swiftness                Air            0%         N/A       100%        3
 Airstrike                Air            0%         N/A       100%        4
 Animate Armour           Summ/Erth      0%         N/A       100%        4
 Dispel Undead            Necr           0%         3d6       100%        4
 Flame Wave               Conj/Fire      0%         2d4       100%        4
 Fulminant Prism          Conj/Hex       0%         3d6       100%        4
 Iskenderun's Mystic Bla  Conj/Tloc      0%         2d3       100%        4
 Leda's Liquefaction      Hex/Erth       0%         N/A       100%        4
 Sticky Flame             Conj/Fire      0%         2d3       100%        4
 Blade Hands              Tmut           0%         N/A       100%        5
 Iskenderun's Battlesphe  Conj           0%         2d6       100%        5
 Lee's Rapid Deconstruct  Erth           0%         3d5*      100%        5
 Summon Forest            Summ/Tloc      0%         N/A       100%        5
 Summon Mana Viper        Hex/Summ       0%         N/A       100%        5
 Iron Shot                Conj/Erth      0%         9d1       100%        6
 Statue Form              Tmut/Erth      0%         N/A       100%        6
 Summon Cactus Giant      Summ           0%         N/A       100%        6
 Spellforged Servitor     Conj/Summ      0%         N/A       100%        7
 Summon Hydra             Summ           0%         N/A       100%        7


Dungeon Overview and Level Annotations

Branches:
Dungeon (15/15)            Temple (1/1) D:4            Lair (3/6) D:8
 Spider (0/4) Lair:2          Orc (2/2) D:11            Elf (0/3) Orc:2
 Vaults (0/5) D:14         Depths (0/4) D:15          IceCv (1/1)
  Swamp: Lair:2-4    Shoals: Lair:2-4

Altars:
Cheibriados
Dithmenos
Elyvilon
Fedhas
Hepliaklqana
Kikubaaqudgha
Makhleb
Okawaru
Qazlal
Ru
Sif Muna
Trog
Uskayaw
Vehumet
Wu Jian
Xom
Yredelemnul
The Shining One

Shops:
D:3 :   D:6 [   D:12 (   Orc:2 [::*!

Annotations:
D:12 3 runed translucent doors, cbfl8's ghost, journeyman MiBe


Innate Abilities, Weirdness & Mutations

You have a pair of horns on your head.
You reflexively headbutt those who attack you in melee.


Message History

The frost giant is lightly wounded.
You are engulfed in freezing vapours.
You resist. You block the death yak's attack.
The frost giant hits you with a +0 battleaxe of freezing.
The frost giant freezes you.
Aiming: Corrosive Bolt
Press: ? - help, Q - select action, (/) - cycle Shift-Dir - straight line, f/p - frost giant
Aim: a frost giant, wielding a +0 battleaxe of freezing (lightly wounded, covered in acid, 98% to hit)
The bolt of acid hits the frost giant!!
The frost giant seems to be corroded for longer.
The frost giant is heavily wounded.
You are engulfed in freezing vapours.
You resist. You block the death yak's attack.
The frost giant points at you and mumbles some strange words.
The bolt of cold hits you! You resist.
Aiming: Corrosive Bolt
Press: ? - help, Q - select action, (/) - cycle Shift-Dir - straight line, f/p - frost giant
Aim: a frost giant, wielding a +0 battleaxe of freezing (heavily wounded, covered in acid, 98% to hit)
The bolt of acid hits the frost giant!!
The frost giant seems to be corroded for longer.
The frost giant is severely wounded.
The death yak gores you! You block the frost giant's attack.
Aiming: Corrosive Bolt
Press: ? - help, Q - select action, (/) - cycle Shift-Dir - straight line, f/p - frost giant
Aim: a frost giant, wielding a +0 battleaxe of freezing (severely wounded, covered in acid, 98% to hit)
The bolt of acid hits the frost giant!!!
The frost giant seems to be corroded for longer.
The frost giant is almost dead.
You hear an angry growl.
You block the death yak's attack.
The frost giant hits you with a +0 battleaxe of freezing!!
* * * LOW HITPOINT WARNING * * *
The frost giant freezes you.
* * * LOW HITPOINT WARNING * * *
The frost giant gestures at you while chanting.
The bolt of cold hits you but does no damage.
You are engulfed in freezing vapours.
You resist. The frost giant casts a spell at you. The bolt of cold hits you!
You resist.
You die...

#.# #....#
#.. #..#.#
#.#######.#
#...####.##
#..##.#.#
####.#.#..##
###≈#..##†..#
#≈≈≈≈○###.###
##≈≈@≈≈####
#≈≈○≈≈≈.#
##○≈≈≈≈##
##CY≈≈≈≈#
##)##≈#≈##
#|.)#####
#[[$## #)$$$#
#$$Y$#


You could see a frost giant (corroded) and a death yak.

Vanquished Creatures
  Donald (Orc:1)
  A broodmother (D:11)
  A stone giant (D:15)
  A quicksilver ooze (Lair:3)
  Nessos (Orc:2)
  A fire dragon (D:15)
  Harold (D:11)
  6 boulder beetles
  A catoblepas (Lair:3)
  5 centaur warriors
  2 dancing weapons
  6 two-headed ogres
  2 death yaks (IceCv)
  Sonja (Lair:1)
  Pikel (D:6)
  4 orc knights
  A deep elf pyromancer (D:13)
  3 cyclopes
  18 ugly things
  4 manticores
  3 elephants (Lair:3)
  4 cane toads
  A rime drake (Lair:3)
  3 komodo dragons
  Psyche (D:9)
  A kobold demonologist (D:12)
  4 trolls
  A queen bee (shapeshifter) (D:14)
  A hornet (D:9)
  6 polar bears (IceCv)
  Prince Ribbit (D:7)
  4 slime creatures
  A vampire (D:9)
  2 shadows
  A centaur simulacrum (D:15)
  20 yaks
  A wraith (D:10)
  3 wyverns
  A human (D:10)
  9 vampire mosquitoes
  7 wargs
  Edmund (D:6)
  2 acid dragons
  6 water moccasins
  A sky beast (D:8)
  38 orc warriors
  5 black bears
  2 ice beasts
  7 ogres
  23 centaurs
  18 wolves
  A phantom (D:4)
  A lemure (D:6)
  5 kobold brigands
  2 gnoll sergeants (D:9)
  16 bullfrogs
  A scorpion (D:7)
  10 killer bees
  11 howler monkeys
  8 centaur zombies
  13 orc priests
  2 hounds
  2 bullfrog skeletons
  A centaur skeleton (D:7)
  A gnoll shaman (D:4)
  4 iguanas
  9 orc wizards
  A scorpion zombie (D:5)
  A killer bee zombie (D:9)
  A hound zombie (D:5)
  A howler monkey skeleton (D:7)
  10 adders
  12 gnolls
  A shadow imp (D:5)
  2 white imps (D:6)
  2 ufetubi (D:6)
  A worm (D:3)
  A dart slug (D:3)
  72 orcs
  A bat zombie (D:10)
  4 endoplasms
  4 giant cockroaches
  10 goblins
  7 hobgoblins
  14 kobolds
  3 quokkas
  5 ball pythons
  2 bats (D:2)
  A frilled lizard (D:1)
  5 rats
  A rat zombie (D:10)
  A butterfly (D:4)
489 creatures vanquished.

Vanquished Creatures (collateral kills)
  A soul eater (Abyss:2)
  A manticore (D:15)
  A storm dragon simulacrum (D:15)
  A small abomination (Abyss:2)
4 creatures vanquished.

Vanquished Creatures (others)
  2 orc wizards (D:7)
  29 fungi
  33 plants
  3 starspawn tentacles (Abyss:2)
67 creatures vanquished.

Grand Total: 560 creatures vanquished

Notes
Turn   | Place    | Note
-------+----------+-------------------------------------------
     0 | D:1      | cbfl8 the Minotaur Fighter began the quest for the Orb.
     0 | D:1      | Reached XP level 1. HP: 19/19 MP: 0/0
   438 | D:1      | Reached XP level 2. HP: 27/27 MP: 1/1
  1068 | D:2      | Found a faded altar of an unknown god.
  1229 | D:2      | Reached skill level 3 in Axes
  1229 | D:2      | Reached XP level 3. HP: 15/33 MP: 2/2
  1711 | D:2      | Reached skill level 1 in Evocations
  2050 | D:3      | Reached XP level 4. HP: 40/40 MP: 3/3
  2214 | D:3      | Found Mieg's Book Shop.
  2715 | D:4      | Found a staircase to the Ecumenical Temple.
  2722 | D:4      | Reached skill level 4 in Axes
  2722 | D:4      | Reached XP level 5. HP: 23/47 MP: 4/4
  2888 | Temple   | Entered the Ecumenical Temple
  2961 | Temple   | Became a worshipper of Makhleb the Destroyer
  3458 | D:4      | Reached XP level 6. HP: 53/53 MP: 5/5
  4056 | D:5      | Entered Level 5 of the Dungeon
  4219 | D:4      | Reached skill level 5 in Axes
  4260 | D:5      | Noticed an ice beast
  4327 | D:5      | Reached * piety under Makhleb
  4536 | D:5      | Reached skill level 5 in Armour
  4536 | D:5      | Reached XP level 7. HP: 60/60 MP: 6/6
  4721 | D:5      | Reached skill level 5 in Shields
  4811 | D:5      | Reached skill level 1 in Dodging
  4959 | D:5      | Reached skill level 5 in Fighting
  4959 | D:5      | Reached skill level 6 in Axes
  5124 | D:5      | Reached XP level 8. HP: 68/68 MP: 7/7
  5292 | D:6      | Noticed Pikel
  5307 | D:6      | Killed Pikel
  5308 | D:6      | Reached skill level 7 in Axes
  5484 | D:6      | Reached skill level 8 in Axes
  5556 | D:6      | Found a blossoming altar of Fedhas.
  5832 | D:6      | Found Winkelried's Dragon-Slaying Spoils.
  5996 | D:6      | Reached ** piety under Makhleb
  6045 | D:6      | Found a basalt altar of Yredelemnul.
  6073 | D:6      | Reached skill level 5 in Evocations
  6073 | D:6      | Reached XP level 9. HP: 19/75 MP: 8/8
  6236 | D:6      | Noticed Edmund
  6241 | D:6      | Killed Edmund
  6272 | D:6      | Found a stormy altar of Qazlal.
  6337 | D:6      | Reached skill level 9 in Axes
  6426 | D:6      | Found a white marble altar of Elyvilon.
  7149 | D:7      | Noticed Prince Ribbit
  7162 | D:7      | Killed Prince Ribbit
  7190 | D:7      | Found a hazy altar of Hepliaklqana.
  7641 | D:8      | Found a sacrificial altar of Ru.
  7682 | D:8      | Found a staircase to the Lair.
  7722 | D:8      | Reached XP level 10. HP: 68/86 MP: 9/9
  7755 | D:8      | Reached skill level 1 in Stealth
  7829 | D:8      | Reached *** piety under Makhleb
  7830 | D:8      | Reached skill level 10 in Axes
  7903 | D:8      | Found a shimmering blue altar of Sif Muna.
  8356 | D:8      | Noticed a two-headed ogre
  8365 | D:8      | Killed a two-headed ogre
  9369 | D:9      | Found a hide-covered altar of Uskayaw.
  9506 | D:9      | Found an ornate altar of the Wu Jian Council.
  9564 | D:9      | Reached skill level 11 in Axes
  9591 | D:9      | Noticed Psyche
  9603 | D:9      | Cast into level 1 of the Abyss (Psyche)
  9638 | Abyss:1  | Noticed a starcursed mass
  9685 | Abyss:2  | Noticed a soul eater
  9710 | Abyss:2  | Killed a soul eater
  9732 | Abyss:2  | Noticed a starcursed mass
  9746 | Abyss:2  | Noticed a tentacled monstrosity
  9774 | D:9      | Escaped the Abyss
  9776 | D:9      | Killed Psyche
 10167 | D:9      | Paralysed by a hornet for 2 turns
 10252 | D:9      | Paralysed by a hornet for 3 turns
 10440 | D:9      | Noticed a two-headed ogre
 10448 | D:9      | Killed a two-headed ogre
 10452 | D:9      | Reached XP level 11. HP: 94/94 MP: 10/10
 11013 | D:6      | Bought +0 gold dragon scales for 880 gold pieces
 11144 | D:10     | Entered Level 10 of the Dungeon
 11235 | D:10     | Found an ancient bone altar of Kikubaaqudgha.
 11351 | D:10     | Found a shadowy altar of Dithmenos.
 11511 | D:10     | Reached **** piety under Makhleb
 11552 | D:10     | Found a snail-covered altar of Cheibriados.
 11741 | D:10     | Found a radiant altar of Vehumet.
 12028 | D:11     | Reached skill level 12 in Axes
 12101 | D:11     | Found a staircase to the Orcish Mines.
 12124 | D:11     | Noticed a boulder beetle
 12132 | D:11     | Noticed a broodmother
 12132 | D:11     | a boulder beetle changed into a broodmother
 12248 | D:11     | Noticed a cyan ugly thing
 12271 | D:11     | Killed a cyan ugly thing
 12520 | D:11     | Killed a broodmother
 12583 | D:11     | Reached skill level 10 in Armour
 12586 | D:11     | Reached ***** piety under Makhleb
 12606 | D:11     | Noticed a boulder beetle
 12632 | D:11     | Killed a boulder beetle
 13166 | D:11     | Noticed a cyan ugly thing
 13180 | D:11     | Killed a cyan ugly thing
 13352 | D:12     | Found a runed translucent gate.
 13354 | D:12     | Noticed a two-headed ogre
 13365 | D:12     | Killed a two-headed ogre
 13366 | D:12     | Reached skill level 13 in Axes
 13473 | D:12     | Found Dolegin's Antique Weapon Shoppe.
 13566 | D:12     | Noticed a soul eater
 13575 | D:12     | Noticed a sun demon
 13666 | D:12     | Found a gate leading to a gauntlet.
 13668 | D:12     | You are sucked into a shaft and drop 3 floors!
 13668 | D:15     | Entered Level 15 of the Dungeon
 13733 | D:15     | Reached XP level 12. HP: 22/104 MP: 11/11
 13839 | D:14     | Noticed a centaur warrior
 13853 | D:15     | Killed a centaur warrior
 13880 | D:14     | Found a shimmering blue altar of Sif Muna.
 13931 | D:14     | Noticed a boulder beetle
 13939 | D:13     | Noticed a two-headed ogre
 13948 | D:13     | Killed a two-headed ogre
 13949 | D:13     | Reached skill level 10 in Shields
 14084 | D:13     | Noticed a boulder beetle
 14085 | D:13     | Noticed a centaur warrior
 14122 | D:12     | Found a runed translucent gate.
 14122 | D:12     | Found a runed translucent gate.
 14238 | D:12     | Noticed a two-headed ogre
 14242 | D:12     | Noticed a two-headed ogre
 14244 | D:12     | Killed a two-headed ogre
 14252 | D:12     | Killed a two-headed ogre
 14265 | D:12     | Noticed a boulder beetle
 14282 | D:12     | Killed a boulder beetle
 14285 | D:12     | Reached skill level 14 in Axes
 14346 | D:12     | Noticed cbfl8's ghost (journeyman MiBe)
 14814 | D:13     | Killed a centaur warrior
 14892 | D:13     | Killed a boulder beetle
 15670 | D:14     | Killed a boulder beetle
 15749 | D:14     | Reached skill level 10 in Fighting
 15782 | D:14     | HP: 2/106 [+5 long sword (15)]
 15869 | D:13     | Reached XP level 13. HP: 112/113 MP: 12/12
 15888 | D:14     | Found a gate to the Vaults.
 15911 | D:14     | Reached skill level 15 in Axes
 16637 | D:15     | Noticed a fire dragon
 16652 | D:14     | Reached skill level 10 in Evocations
 16881 | D:15     | Killed a fire dragon
 17500 | D:15     | Found a staircase to the Depths.
 17500 | D:15     | Noticed a stone giant
 17576 | D:15     | Killed a stone giant
 17987 | Lair:1   | Entered Level 1 of the Lair of Beasts
 18286 | Lair:1   | Reached skill level 16 in Axes
 18289 | Lair:1   | Noticed Sonja
 18313 | Lair:1   | Killed Sonja
 18878 | Lair:2   | Found a hole to the Spider Nest.
 19016 | Orc:1    | Entered Level 1 of the Orcish Mines
 19023 | Orc:1    | Noticed Harold
 19212 | D:11     | Killed Harold
 19224 | Orc:1    | Reached ****** piety under Makhleb
 19538 | Orc:2    | Entered Level 2 of the Orcish Mines
 19538 | Orc:2    | Noticed Donald
 19538 | Orc:2    | Noticed Nessos
 19554 | Orc:1    | Killed Donald
 19667 | Orc:2    | Killed Nessos
 19702 | Orc:2    | Reached XP level 14. HP: 106/124 MP: 13/13
 20093 | Orc:2    | Found Odaophek's Distillery.
 20369 | Orc:2    | Bought a potion of might for 72 gold pieces
 20383 | Orc:2    | Found a staircase to the Elven Halls.
 20505 | Orc:2    | Found Asisuvemn's Book Boutique.
 20505 | Orc:2    | Found Peido's Book Emporium.
 20507 | Orc:2    | Found Tousamm's Assorted Antiques.
 20509 | Orc:2    | Found Docw's Antique Armour Shop.
 20516 | Orc:2    | Bought a scroll of fog for 62 gold pieces
 20516 | Orc:2    | Bought a wand of iceblast (4) for 124 gold pieces
 21166 | Lair:3   | Noticed a quicksilver ooze
 21166 | Lair:3   | a five-headed hydra changed into a quicksilver ooze
 21171 | Lair:3   | Killed a quicksilver ooze
 21468 | Lair:3   | Found a frozen archway.
 21477 | IceCv    | Entered an ice cave
 21753 | IceCv    | Reached skill level 17 in Axes
 21772 | IceCv    | Noticed a frost giant
 22054 | IceCv    | Killed from afar by a frost giant

Illustrated notes

Levels and vault maps discovered:
D:1:      eino_arrival_water_cross, layout_basic, roderic_three_in_a_row,
          nrook_campfire, roderic_serpentine_path, chequers_arboretum
D:2:      layout_basic, hellmonk_ecumenical_altar_run_dry,
          minmay_misc_feat_pillars, corexii_item_surrounded_by_moat
D:3:      layout_basic, serial_shops, shop
D:4:      layout_cave_pods, minmay_temple_entry_butterflies
D:5:      layout_gridville, serial_glass, glass_columns_c, glass_columns_b
D:6:      corexii_shack_village, layout_loops_cross,
          nicolae_overflow_hidden_temple, fedhas_bush_and_centaur_altar,
          mainiacjoe_overflow_boulevard, kennysheep_mini, grunt_ministairs_8,
          hangedman_decor_clover_reticule, nicolae_shop_dragon_depot,
          minivault_23, uniq_pikel, uniq_edmund
D:7:      layout_basic, mainiacjoe_overflow_brackets, uniq_prince_ribbit1
D:8:      layout_loops_ring, lemuel_tele_altar, overflow_temple_1_default,
          due_lair_maze_entry_diamond, minmay_stone_trees_small,
          kennysheep_generic_room_13
D:9:      minmay_polygon_palace, layout_basic, nicolae_uskayaw_dance_studio,
          kennysheep_mini_moat, uniq_psyche
D:10:     layout_loops_corners, lemuel_zombie_altar_kikubaaqudgha,
          nicolae_vehumet_radiance, grunt_dithmenos_smoke,
          mainiacjoe_overflow_small_starburst
D:11:     layout_basic, erik_orc_4, st_stairs_3
D:12:     layout_cross, gauntlet_entry_generic, gammafunk_ghost_necromancy,
          serial_shops, kennysheep_little_box, chequers_serial_rivers_micro_b
D:13:     layout_long_grid
D:14:     layout_loops_cross, erik_vaults_1, chequers_serial_rivers_micro_c,
          led_sif_pool
D:15:     grunt_enter_depths_giant_problem, layout_cave_pools,
          hangedman_decor_opposing
Temple:   nicolae_temple_figure_zero
Lair:1:   layout_misc_corridors, fungi_pond_lemuel,
          chequers_serial_rivers_micro_e, uniq_sonja
Lair:2:   layout_chaotic_city, palyth_hydra_swamp_entry,
          nicolae_spider_entry_orb_guardian, chequers_serial_rivers_room_b,
          nzn_random_ring
Lair:3:   layout_chaotic_city, portal_ice_cave_entry_pillars_1,
          grunt_megastairs_5
Orc:1:    layout_caves, uniq_harold
Orc:2:    st_orc_rangers, layout_caves, serial_shops, nicolae_shop_trees,
          uniq_donald, uniq_nessos
IceCv:    ice_cave_caverns_02

Skill      XL: |  1  2  3  4  5  6  7  8  9 10 11 12 13 14 |
---------------+-------------------------------------------+-----
Axes           | 3 4 5 6 8 9 11 13 14 16 17 | 17.1
Armour         | 4 5 7 8 9 10 11 12 | 12.5
Fighting       | 4 5 6 7 8 9 10 11 | 11.9
Evocations     | 1 2 3 5 6 7 8 9 10 11 | 11.1
Shields        | 4 5 6 8 9 11 12 13 | 13.6
Dodging        | 1 2 3 |  3.6
Stealth        | 1 2 |  2.0

Action                   |  1- 3 |  4- 6 |  7- 9 | 10-12 | 13-15 || total
-------------------------+-------+-------+-------+-------+-------++-------
Melee: War axe           |    65 |    94 |       |       |       ||   159
       Headbutt          |    11 |    15 |    37 |   134 |   185 ||   382
       Broad axe         |       |    25 |   215 |   592 |   710 ||  1542
Evoke: Wand              |       |       |       |    32 |    19 ||    51
  Use: Potion            |       |     1 |       |    17 |     2 ||    20
       Scroll            |       |     6 |     7 |    20 |     9 ||    42
 Stab: Paralysed         |       |       |       |       |     7 ||     7
       Petrified         |       |       |       |       |     2 ||     2
Armor: Scale mail        |    28 |    14 |       |       |       ||    42
       Chain mail        |       |    37 |   141 |   130 |       ||   308
       Skin              |       |       |       |     3 |       ||     3
       Gold dragon scale |       |       |       |   282 |   245 ||   527
Dodge: Dodged            |    37 |    30 |    83 |   170 |   120 ||   440
Block: Buckler           |    11 |       |       |       |       ||    11
       Kite shield       |     3 |    70 |   142 |   484 |   738 ||  1437
       Reflection        |       |       |       |       |    93 ||    93
